 Dungeon Crawl Stone Soup version 0.29-a0-320-g9f8742066b (webtiles) character file.

Game seed: 8008651036038979661

1274 Warped the Cleaver (level 8, 0/58 HPs)
             Began as a Formicid Fighter on Apr 2, 2022.
             Killed from afar by Blork the orc (6 damage)
             ... with a magic dart
             ... on level 5 of the Dungeon.
             The game lasted 00:11:14 (5217 turns).

Warped the Cleaver (Formicid Fighter)               Turns: 5217, Time: 00:11:15

Health: 0/58       AC:  6    Str: 24    XL:     8   Next: 83%
Magic:  8/8        EV: 13    Int:  7    God:
Gold:   162        SH:  4    Dex: 10    Spells: 7/7 levels left

rFire   . . .      SeeInvis +   a - +0 war axe
rCold   . . .      Faith    .   c - +0 buckler
rNeg    . . .      Spirit   .   b - +0 scale mail
rPois   .          Reflect  .   (helmet unavailable)
rElec   .          Harm     .   (no cloak)
rCorr   .          Rampage  .   (no gloves)
Will    +....                   (no boots)
Stlth   ..........              (no amulet)
HPRegen 0.19/turn               v - +4 ring of evasion
MPRegen 0.11/turn               B - ring of willpower

@: no status effects
A: permanent stasis, dig shafts and tunnels, antennae 3, four strong arms
a: Dig, Shaft Self


You were on level 5 of the Dungeon.
You visited 1 branch of the dungeon, and saw 5 of its levels.

You collected 162 gold pieces.

Inventory:

Hand Weapons
 a - a +0 war axe (weapon)
 s - a +0 hunting sling
Missiles
 e - 179 stones
 i - 6 javelins
 l - 13 poisoned darts
Armour
 b - a +0 scale mail (worn)
 c - a +0 buckler (worn)
Jewellery
 v - a +4 ring of evasion (left hand)
 B - a ring of willpower (right hand)
 D - a ring of protection from cold
Wands
 d - a wand of iceblast (7)
Scrolls
 g - 3 scrolls of noise
 h - 3 scrolls of teleportation {unknown}
 j - 2 scrolls of amnesia {unknown}
 p - a scroll of blinking {unknown}
 q - a scroll of enchant armour {unknown}
 u - 4 scrolls of identify {unknown}
 w - 2 scrolls of holy word {unknown}
 x - a scroll of brand weapon {unknown}
 y - a scroll of summoning {unknown}
 z - 2 scrolls of immolation {unknown}
 A - a scroll of silence {unknown}
Potions
 k - 2 potions of heal wounds
 m - 2 potions of flight {unknown}
 n - 3 potions of degeneration {unknown}
 o - a potion of cancellation {unknown}
 r - a potion of attraction {unknown}
 t - a potion of berserk rage {unknown}
 C - a potion of curing


   Skills:
 - Level 3.2 Fighting
 + Level 10.3 Axes
 - Level 3.2 Armour
 - Level 3.6 Shields


You had 7 spell levels left.
You didn't know any spells.
Your spell library contained the following spells:

 Spells                   Type           Power      Damage    Failure   Level
 Shock                    Conj/Air       0%         1d3       80%         1
 Sublimation of Blood     Necr           0%         N/A       91%         2
 Wereblood                Tmut           0%         N/A       91%         2
 Airstrike                Air            0%         N/A       100%        4
 Summon Hydra             Summ           0%         N/A       100%        7
 Swiftness                Air            Unusable   N/A       N/A         3

Dungeon Overview and Level Annotations

Branches:
Dungeon (5/15)
 Temple: D:4-7

Altars:
Dithmenos
Hepliaklqana
Kikubaaqudgha
Nemelex Xobeh
Okawaru
Trog
Uskayaw
Wu Jian
Yredelemnul

Annotations:
D:5 Blork the orc


Innate Abilities, Weirdness & Mutations

You cannot be hasted, slowed, berserked, paralysed or teleported.
You can dig through walls and to a lower floor.
You have a pair of large antennae on your head. (SInv)
Your four strong arms can wield two-handed weapons with a shield.


Message History

You slash the orc!
You kill the orc!
Things that are here:
a +0 short sword; an orc corpse
Found a stone staircase leading down.
You start resting.
An orc comes into view. It is wielding a +2 whip of venom.
Things that are here:
a +0 short sword; an orc corpse You closely miss the orc.
The orc closely misses you.
You slash the orc!
You kill the orc!
Blork the orc comes into view.
He is wielding a +3 vorpal scimitar.
Things that are here:
a +2 whip of venom; a +0 chain mail You hit Blork the orc.
Blork the orc is lightly wounded.
Blork the orc barely misses you.
You hit Blork the orc.
Blork the orc is lightly wounded.
Blork the orc closely misses you. Blork the orc casts a spell at you.
The puff of frost hits you!
You slash Blork the orc!
Blork the orc is heavily wounded.
Blork the orc hits you with a +3 vorpal scimitar!
* * * LOW HITPOINT WARNING * * *
x2 You hit Blork the orc but do no damage.
Blork the orc is heavily wounded.
Blork the orc gestures at you while chanting.
The puff of frost hits you!
* * * LOW HITPOINT WARNING * * *
You slash Blork the orc!
Blork the orc is almost dead.
You block Blork the orc's attack.
You closely miss Blork the orc.
Blork the orc is almost dead.
Blork the orc points at you and mumbles some strange words.
The magic dart hits you.
You die...

#.....#.............##
....##......))......[..
... #..##...........#
... #.. ###.#...#.###
... .... #.#†..#.# ..#
.## #.......# ...
#.#.>)#.# ...
#.##)##.#####
#..).@o......
#.#####.###.. ... #. #
... #. ### .. #> #. #.


You could see Blork the orc.

Vanquished Creatures
  Sigmund (D:4)
  2 water moccasins (D:5)
  An ice beast (D:5)
  An ogre (D:4)
  2 centaurs (D:5)
  A bullfrog (D:5)
  2 scorpions
  2 orc priests (D:4)
  Jessica (D:2)
  An iguana (D:5)
  2 orc wizards (D:5)
  Robin (D:2)
  3 gnolls (D:4)
  6 adders
  3 worms
  9 orcs
  22 ball pythons
  2 bats
  12 endoplasms
  8 giant cockroaches
  14 goblins
  12 hobgoblins
  13 jackals
  4 kobolds
  2 quokkas (D:3)
  4 rats
131 creatures vanquished.

Vanquished Creatures (others)
  A fungus (D:1)
1 creature vanquished.

Grand Total: 132 creatures vanquished

Notes
Turn   | Place    | Note
-------+----------+-------------------------------------------
     0 | D:1      | Warped the Formicid Fighter began the quest for the Orb.
     0 | D:1      | Reached XP level 1. HP: 18/18 MP: 1/1
   185 | D:1      | Reached XP level 2. HP: 24/24 MP: 2/2
   259 | D:1      | Reached skill level 3 in Axes
   607 | D:1      | Found a faded altar of an unknown god.
   674 | D:1      | Reached XP level 3. HP: 29/29 MP: 3/3
  1233 | D:2      | Noticed Robin
  1451 | D:2      | Killed Robin
  1452 | D:2      | Reached skill level 4 in Axes
  1452 | D:2      | Reached XP level 4. HP: 26/35 MP: 4/4
  1980 | D:2      | Noticed Jessica
  1982 | D:2      | Killed Jessica
  1985 | D:2      | Reached XP level 5. HP: 39/41 MP: 5/5
  2104 | D:2      | Found a sparkling altar of Nemelex Xobeh.
  2384 | D:3      | Reached skill level 5 in Axes
  3512 | D:4      | Reached XP level 6. HP: 47/47 MP: 6/6
  3556 | D:4      | Noticed an ogre
  3564 | D:4      | Killed an ogre
  3565 | D:4      | Reached skill level 6 in Axes
  4052 | D:4      | Found a shadowy altar of Dithmenos.
  4053 | D:4      | Noticed Sigmund
  4065 | D:4      | Killed Sigmund
  4066 | D:4      | Reached skill level 7 in Axes
  4066 | D:4      | Reached XP level 7. HP: 32/52 MP: 7/7
  4561 | D:4      | Reached skill level 8 in Axes
  4767 | D:5      | Entered Level 5 of the Dungeon
  4798 | D:5      | Noticed a water moccasin
  4812 | D:5      | Killed a water moccasin
  4813 | D:5      | Reached XP level 8. HP: 39/58 MP: 8/8
  5003 | D:5      | Found a bloodstained altar of Trog.
  5005 | D:5      | Found an ancient bone altar of Kikubaaqudgha.
  5007 | D:5      | Found an ornate altar of the Wu Jian Council.
  5007 | D:5      | Found an iron altar of Okawaru.
  5007 | D:5      | Found a hide-covered altar of Uskayaw.
  5007 | D:5      | Found a sparkling altar of Nemelex Xobeh.
  5007 | D:5      | Found a hazy altar of Hepliaklqana.
  5008 | D:5      | Found a basalt altar of Yredelemnul.
  5027 | D:5      | Reached skill level 9 in Axes
  5153 | D:5      | Reached skill level 10 in Axes
  5210 | D:5      | Noticed Blork the orc
  5217 | D:5      | Killed from afar by Blork the orc

Illustrated notes

Levels and vault maps discovered:
D:1:      evilmike_arrival_fibonacci_small, layout_basic,
          shapermc_ecumenical_altar_mp_urbaneastern,
          kennysheep_decorative_pillar
D:2:      layout_basic, basic_altar, minmay_close_crescents, uniq_jessica,
          uniq_robin
D:3:      layout_loops_cross, minmay_snake_closets
D:4:      layout_loops_corners, nicolae_dithmenos_shadow_blocks, uniq_sigmund
D:5:      layout_loops_cross, grunt_temple_overflow_open, temple_fountains,
          uniq_blork_the_orc

Skill      XL: |  1  2  3  4  5  6  7  8 |
---------------+-------------------------+-----
Axes           | 3 4 5 7 8 10 | 10.3
Fighting       | |  3.2
Armour         | |  3.2
Shields        | |  3.6

Action                   |  1- 3 |  4- 6 |  7- 9 || total
-------------------------+-------+-------+-------++-------
Melee: War axe           |    69 |   167 |   119 ||   355
 Abil: Dig               |     2 |       |     1 ||     3
Evoke: Wand              |       |     2 |       ||     2
  Use: Potion            |       |     1 |     2 ||     3
       Scroll            |       |       |     1 ||     1
Armor: Scale mail        |    34 |    53 |    27 ||   114
       Skin              |       |       |    68 ||    68
Dodge: Dodged            |    29 |    97 |    65 ||   191
Block: Buckler           |    25 |    33 |    32 ||    90

Table legend: (Time is in decaauts)
 A = Elapsed time spent in this place.
 B = Non-inter-level travel time spent in this place.
 C = Inter-level travel time spent in this place.
 D = Time resting spent in this place.
 E = Time spent auto-exploring this place.
 F = Levels seen in this place.
 G = Mean time per level.
                   A        B        C        D        E       F      G
               +--------+--------+--------+--------+--------+-----+--------+
         Total |   5298 |   5207 |     91 |    437 |   3897 |   5 | 1059.6 |
       Dungeon |   5298 |   5207 |     91 |    437 |   3897 |   5 | 1059.6 |
               +--------+--------+--------+--------+--------+-----+--------+

Top non-repeatable levels by time:
     D:1: 1444 daAuts
     D:4: 1353 daAuts
     D:3: 1112 daAuts
     D:2: 931 daAuts
     D:5: 456 daAuts
